 Dungeon Crawl Stone Soup version 0.30.1-9-gdf580d7c3d (webtiles) character file.

Game seed: 1870356878805939569

25 monsoonserge the Shooter (level 2, -10/14 HPs)
             Began as a Spriggan Hunter on Oct 15, 2023.
             Killed by nerve-wracking pain
             ... invoked by an orc priest
              (14 damage)
             ... on level 3 of the Dungeon.
             The game lasted 00:01:24 (509 turns).

monsoonserge the Shooter (Spriggan Hunter)           Turns: 509, Time: 00:01:25

Health: -10/14     AC:  2    Str:  7    XL:     2   Next: 86%
Magic:  3/3        EV: 17    Int: 10    God:
Gold:   37         SH:  0    Dex: 18    Spells: 1/1 levels left

rFire   . . .        a - +0 shortbow
rCold   . . .        (shield currently unavailable)
rNeg    . . .        c - +0 robe
rPois   .            (helmet restricted)
rElec   .            (no cloak)
rCorr   .            (gloves unavailable)
SInv    +            (boots unavailable)
Will    .....        (no amulet)
Stlth   ++           (no ring)
HPRegen 0.22/turn    (no ring)
MPRegen 0.08/turn

%: no passive effects
@: very quick
A: very small, no large weapons, unfitting armour, see invisible, speed 3
a: no special abilities


You were on level 3 of the Dungeon.
You visited 1 branch of the dungeon, and saw 3 of its levels.

You collected 37 gold pieces.

Inventory:

Hand Weapons
 a - a +0 shortbow (weapon)
Armour
 c - a +0 robe (worn)
Scrolls
 b - a scroll of immolation
 d - a scroll of enchant armour {unknown}
 e - a scroll of identify {unknown}


   Skills:
 + Level 1.5 Fighting
 + Level 4.9 Ranged Weapons
 + Level 2.6 Dodging
 + Level 1.8 Stealth


You had one spell level left.
You didn't know any spells.
Your spell library was empty.

Dungeon Overview and Level Annotations

Branches:
Dungeon (3/15)

Altars:
Elyvilon
Zin
The Shining One

Annotations:
D:2 Sigmund


Innate Abilities, Weirdness & Mutations

You are very small and have problems with some larger weapons.
You are too small for most types of armour.
You have supernaturally acute eyesight. (SInv)
You cover ground extremely quickly. (Speed+++)


Message History

You kill the bat!
No target in view!
No target in view!
An orc priest comes into view.
It is wielding a +1 hand axe of draining.
Found a stone staircase leading down. 2 orcs come into view.
The orc shouts!
You hear a shout!
An orc priest comes into view. It is wielding a +0 falchion.
You shoot an arrow. The orc priest shouts!
The arrow hits the orc.
The orc is moderately wounded.
You hear a shout!
You shoot an arrow. The arrow hits the orc!
You kill the orc!
You shoot an arrow. The arrow hits the orc priest.
The orc priest is lightly wounded.
The orc priest looks braver for a moment.
The orc priest miscasts a cantrip.
You shoot an arrow.
The arrow closely misses the orc priest.
The arrow barely misses the orc.
An orc comes into view.
It is wielding a +0 falchion and wearing a +0 chain mail of willpower.
You shoot an arrow. The arrow hits the orc priest!
The orc priest is heavily wounded.
The orc priest closely misses you.
You shoot an arrow. The arrow hits the orc priest.
The orc priest is severely wounded.
The orc priest calls down the wrath of Beogh upon you.
Beogh smites you!
Ouch! That really hurt!
* * * LOW HITPOINT WARNING * * *
You see here a bat corpse.
Found 2 viscous coppery potions.
Found a robe.
There is a stone staircase leading down here.
The orc priest mumbles some strange prayers to Beogh against you.
Pain shoots through your body!
Ouch! That really hurt!
You die...

.# .# .# .# .# .#
###########.###### .
..........@.!...[.
.. #.............##
#. #.............#
#.o #.............#
#... #..oo.........#
#....#.†o..........#
#...)..o#####..#####
#.....#.# #..#
#....##.# ..#


You could see 2 orc priests and 2 orcs.

Vanquished Creatures
  An orc (D:3)
  2 ball pythons
  An endoplasm (D:1)
  A giant cockroach (D:1)
  6 hobgoblins
  3 jackals (D:1)
  2 bats
  2 frilled lizards
  2 goblins (D:1)
  A kobold (D:1)
  A rat (D:1)
22 creatures vanquished.

Notes
Turn   | Place    | Note
-------+----------+-------------------------------------------
     0 | D:1      | monsoonserge the Spriggan Hunter began the quest for the
                  | Orb.
     0 | D:1      | Reached XP level 1. HP: 10/10 MP: 2/2
   126 | D:1      | Reached XP level 2. HP: 9/14 MP: 3/3
   441 | D:2      | Noticed Sigmund
   476 | D:3      | Found a white marble altar of Elyvilon.
   476 | D:3      | Found a glowing silver altar of Zin.
   476 | D:3      | Found a glowing golden altar of the Shining One.
   509 | D:3      | Killed from afar by an orc priest

Illustrated notes

Levels and vault maps discovered:
D:1:      evilmike_arrival_home_sweet_home, layout_rooms
D:2:      layout_rooms, uniq_sigmund, uniq_natasha
D:3:      layout_basic, dreamdust_divine_triumvirate, serial_shops, shop,
          serial_bayou_pond_e, grunt_ministairs_10, nrook_mini_backslash

Action                     || total
---------------------------++-------
   Fire: Shortbow          ||    63
 Armour: Robe              ||     4
  Dodge: Dodged            ||    18
